 Dungeon Crawl Stone Soup version 0.27-a0-978-g2aa4ecdaef (webtiles) character file.

Game seed: 13596880274562848322

142 leviel the Shield-Bearer (level 5, -5/47 HPs)
             Began as a Minotaur Fighter on Apr 14, 2021.
             Slain by a gnoll
             ... wielding a +0 halberd
              (7 damage)
             ... on level 3 of the Dungeon.
             The game lasted 00:02:47 (1984 turns).

leviel the Shield-Bearer (Minotaur Fighter)         Turns: 1984, Time: 00:02:48

Health: -5/47      AC:  8    Str: 21    XL:     5   Next: 4%
Magic:  4/4        EV:  5    Int:  5    God:
Gold:   122        SH: 14    Dex: 10    Spells: 4/4 levels left

rFire    + . .     SeeInvis .   a - +0 trident
rCold    + . .     Faith    .   j - +0 tower shield
rNeg     . . .     Spirit   .   b - +0 scale mail
rPois    +         Reflect  .   (helmet restricted)
rElec    +         Harm     .   h - +0 cloak
rCorr    +         Rampage  .   (no gloves)
Will     .....                  (no boots)
Stlth    ..........             (no amulet)
HPRegen  0.15/turn              (no ring)
MPRegen  0.09/turn              (no ring)

@: resistant, attractive
A: horns 2, retaliatory headbutt
a: no special abilities


You were on level 3 of the Dungeon.
You visited 1 branch of the dungeon, and saw 3 of its levels.

You collected 122 gold pieces.

Inventory:

Hand Weapons
 a - a +0 trident (weapon)
 n - a +1 great sword of protection
Armour
 b - a +0 scale mail (worn)
 c - a +0 kite shield
 h - a +0 cloak (worn)
 j - a +0 tower shield (worn)
Scrolls
 g - 4 scrolls of identify {unknown}
 i - a scroll of holy word {unknown}
 l - a scroll of teleportation {unknown}
 m - 3 scrolls of summoning {unknown}
 o - a scroll of fog {unknown}
Potions
 d - a potion of might


   Skills:
 + Level 4.7 Fighting
 + Level 3.7 Polearms
 + Level 4.6 Armour
 + Level 4.7 Shields


You had 4 spell levels left.
You didn't know any spells.
Your spell library contained the following spells:

 Spells                   Type           Power      Damage    Failure   Level
 Magic Dart               Conj           0%         1d3       100%        1
 Blink                    Tloc           N/A        N/A       100%        2
 Call Imp                 Summ           0%         N/A       100%        2
 Searing Ray              Conj           0%         3d3       100%        2
 Slow                     Hex            0%         N/A       100%        2
 Conjure Flame            Conj/Fire      0%         6-21      100%        3
 Dazzling Flash           Conj/Hex       0%         N/A       100%        3
 Mephitic Cloud           Conj/Pois/Air  0%         N/A       100%        3
 Fulminant Prism          Conj/Hex       0%         3d6       100%        4
 Iskenderun's Mystic Bla  Conj/Tloc      0%         2d3       100%        4


Dungeon Overview and Level Annotations

Branches:
Dungeon (3/15)

Altars:


Innate Abilities, Weirdness & Mutations

You have a pair of horns on your head.
You reflexively headbutt those who attack you in melee.


Message History

You block the gnoll's attack.
The gnoll hits you from afar with a +0 halberd!
* * * LOW HITPOINT WARNING * * *
The gnoll hits you with a +0 whip.
* * * LOW HITPOINT WARNING * * *
You block the gnoll's attack. The gnoll is pulled toward you!
The gnoll is pulled toward you! The gnoll is pulled toward you!
The gnoll hits you with a +0 whip.
* * * LOW HITPOINT WARNING * * *
The gnoll hits you from afar with a +0 halberd.
* * * LOW HITPOINT WARNING * * *
The gnoll is pulled toward you! The gnoll is pulled toward you!
The gnoll is pulled toward you!
It was a potion of curing.
You feel better. You block the gnoll's attack.
The gnoll hits you but does no damage.
It was a potion of resistance.
You feel protected. You block the gnoll's attack. x2
You barely miss the gnoll. Your headbutt misses the gnoll.
The gnoll is heavily wounded.
The gnoll hits you but does no damage. You block the gnoll's attack.
You hit the gnoll. Your headbutt misses the gnoll.
The gnoll is almost dead.
You block the gnoll's attack.
The gnoll hits you from afar with a +0 halberd!
* * * LOW HITPOINT WARNING * * *
You block the gnoll's attack. The gnoll hits you but does no damage.
You hit the gnoll.
You kill the gnoll!
The gnoll hits you from afar with a +0 halberd.
* * * LOW HITPOINT WARNING * * *
The gnoll is pulled toward you! x2
You have reached level 5!
You puncture the gnoll!
The gnoll is severely wounded.
You block the gnoll's attack. The gnoll hits you with a +0 halberd!
You die...

######### #........
###########.##############
....................gg...#
.....g#####.#..#########.#
.....># #.#..#g..gg..#g#
....g.## #.#..#g#####.#g#
##.....# #.#..#g# #.#g#
#....(# #.#.>#@# #g#.#
#.....# #.#....# #.g.#
#.....# #.##.###########
#.....####............
#.....##....#.########
##.....##....#.##...
.......##....#.##.#### #.#
.......##............. #.#
.......####'##.##.######
#.#


You could see 3 gnolls.

Vanquished Creatures
  Crazy Yiuf (D:3)
  2 gnolls (D:3)
  4 adders
  A dart slug (D:3)
  An orc (D:3)
  9 endoplasms
  A giant cockroach (D:1)
  9 goblins
  7 hobgoblins
  5 quokkas
  2 ball pythons (D:2)
  A bat (D:1)
  3 frilled lizards
  3 kobolds
  4 rats
53 creatures vanquished.

Notes
Turn   | Place    | Note
-------+----------+-------------------------------------------
     0 | D:1      | leviel the Minotaur Fighter began the quest for the Orb.
     0 | D:1      | Reached XP level 1. HP: 19/19 MP: 0/0
   680 | D:2      | Found a faded altar of an unknown god.
   686 | D:2      | Reached XP level 2. HP: 27/27 MP: 1/1
   794 | D:2      | Reached XP level 3. HP: 33/33 MP: 2/2
  1021 | D:2      | Reached XP level 4. HP: 35/41 MP: 3/3
  1320 | D:3      | Found a runed translucent door.
  1321 | D:3      | Noticed Crazy Yiuf
  1371 | D:3      | Killed Crazy Yiuf
  1971 | D:3      | HP: 2/41 [gnoll/+0 halberd (2)]
  1983 | D:3      | HP: 1/41 [gnoll/+0 halberd (2)]
  1984 | D:3      | Reached XP level 5. HP: 1/47 MP: 4/4
  1984 | D:3      | Slain by a gnoll

Illustrated notes

Levels and vault maps discovered:
D:1:      dpeg_arrival_shelter, layout_basic
D:2:      minmay_wonky_spiral, layout_basic,
          hellmonk_ecumenical_altar_pennies_from_heaven
D:3:      kennysheep_big_flooded_room, layout_basic, marbit_many_paths,
          minivault_11, uniq_crazy_yiuf_cottage, uniq_sigmund

Skill      XL: |  1  2  3 |
---------------+----------+-----
Shields        | 4 |  4.7
Armour         | 4 |  4.6
Fighting       | 4 |  4.7
Polearms       | 3 |  3.7

Action                   |  1- 3 |  4- 6 || total
-------------------------+-------+-------++-------
Melee: Trident           |    99 |    44 ||   143
       Headbutt          |     9 |     6 ||    15
  Use: Potion            |       |     3 ||     3
Armor: Scale mail        |    37 |    15 ||    52
Dodge: Dodged            |    18 |     8 ||    26
Block: Kite shield       |    31 |       ||    31
       Tower shield      |    21 |    40 ||    61

Table legend: (Time is in decaauts)
 A = Elapsed time spent in this place.
 B = Non-inter-level travel time spent in this place.
 C = Inter-level travel time spent in this place.
 D = Time resting spent in this place.
 E = Time spent auto-exploring this place.
 F = Levels seen in this place.
 G = Mean time per level.
                   A        B        C        D        E       F      G
               +--------+--------+--------+--------+--------+-----+--------+
         Total |   2053 |   1975 |     78 |    228 |   1376 |   3 |  684.3 |
       Dungeon |   2053 |   1975 |     78 |    228 |   1376 |   3 |  684.3 |
               +--------+--------+--------+--------+--------+-----+--------+

Top non-repeatable levels by time:
     D:3: 870 daAuts
     D:1: 691 daAuts
     D:2: 491 daAuts
